Workbook

Sheet Profile
L16: Project Drink is a standardized neighborhood café concept built on repeat daily demand, high-margin beverages, and disciplined cost control. The unit economics improve over time as fixed costs (rent and marketing) are leveraged with revenue growth, driving expanding net margins and strong cash generation. With efficient working capital (negative cash conversion cycle) and scenario-tested growth assumptions, the format is positioned for scalable multi-store expansion.
A18: Name | C18: Pratyush Prasad
L21: Color convention: Green = links (pure references), Black = formulas/calculations and Blue = hardcoded inputs; Balance Sheet checks to 0.

Sheet Dashboard
B4: 2024 | C4: 2025 | D4: 2026 | E4: 2027 | F4: 2028 | H4: Scenario | I4: Base
A5: Revenue | B5: ='Income Statement'!F4 -> 2352000 | C5: ='Income Statement'!G4 -> 2634240 | D5: ='Income Statement'!H4 -> 2976691.2 | E5: ='Income Statement'!I4 -> 3393428 | F5: ='Income Statement'!J4 -> 3902442.2 | H5: BS Check | I5: =IF(SUMPRODUCT(ABS('Balance Sheet'!F36:J36))<0.01,"OK","NOT TIED") -> OK
A6: COGS | B6: ='Income Statement'!F7 -> 940800 | C6: ='Income Statement'!G7 -> 1053696 | D6: ='Income Statement'!H7 -> 1190676.5 | E6: ='Income Statement'!I7 -> 1357371.2 | F6: ='Income Statement'!J7 -> 1560976.9 | H6: Cash Tie | I6: =IF(SUMPRODUCT(ABS('Balance Sheet'!F8:J8-'Cash Flow'!F24:J24))<0.01,"OK","CHECK CASH LINK") -> OK
A7: Net income | B7: ='Income Statement'!F35 -> 125210.4 | C7: ='Income Statement'!G35 -> 176775.65 | D7: ='Income Statement'!H35 -> 239341.48 | E7: ='Income Statement'!I35 -> 315479.29 | F7: ='Income Statement'!J35 -> 408476.18 | H7: Cash Roll-forward | I7: =IF(AND( ABS('Cash Flow'!G22-'Cash Flow'!F24)<0.01, ABS('Cash Flow'!H22-'Cash Flow'!G24)<0.01, ABS('Cash Flow'!I22-'Cash Flow'!H24)<0.01, ABS('Cash Flow'!J22-'Cash Flow'!I24)<0.01 ),"OK","CHECK CASH ROLL") -> OK
A8: Gross margin | B8: ='Income Statement'!F10/'Income Statement'!F4 -> 0.6 | C8: ='Income Statement'!G10/'Income Statement'!G4 -> 0.6 | D8: ='Income Statement'!H10/'Income Statement'!H4 -> 0.6 | E8: ='Income Statement'!I10/'Income Statement'!I4 -> 0.6 | F8: ='Income Statement'!J10/'Income Statement'!J4 -> 0.6
A9: Net margin | B9: ='Income Statement'!F35/'Income Statement'!F4 -> 0.053235714 | C9: ='Income Statement'!G35/'Income Statement'!G4 -> 0.067106888 | D9: ='Income Statement'!H35/'Income Statement'!H4 -> 0.08040521 | E9: ='Income Statement'!I35/'Income Statement'!I4 -> 0.092967728 | F9: ='Income Statement'!J35/'Income Statement'!J4 -> 0.10467194
A10: Rent ratio | B10: ='Income Statement'!F13/'Income Statement'!F4 -> 0.14880952 | C10: ='Income Statement'!G13/'Income Statement'!G4 -> 0.13286565 | D10: ='Income Statement'!H13/'Income Statement'!H4 -> 0.11758022 | E10: ='Income Statement'!I13/'Income Statement'!I4 -> 0.10314054 | F10: ='Income Statement'!J13/'Income Statement'!J4 -> 0.089687428
A11: Labour ratio | B11: ='Income Statement'!F16/'Income Statement'!F4 -> 0.278 | C11: ='Income Statement'!G16/'Income Statement'!G4 -> 0.278 | D11: ='Income Statement'!H16/'Income Statement'!H4 -> 0.278 | E11: ='Income Statement'!I16/'Income Statement'!I4 -> 0.278 | F11: ='Income Statement'!J16/'Income Statement'!J4 -> 0.278
A12: Marketing ratio | B12: ='Income Statement'!F19/'Income Statement'!F4 -> 0.036139456 | C12: ='Income Statement'!G19/'Income Statement'!G4 -> 0.032267371 | D12: ='Income Statement'!H19/'Income Statement'!H4 -> 0.028555196 | E12: ='Income Statement'!I19/'Income Statement'!I4 -> 0.025048417 | F12: ='Income Statement'!J19/'Income Statement'!J4 -> 0.021781232
A13: Other operating ratio | B13: ='Income Statement'!F22/'Income Statement'!F4 -> 0.061 | C13: ='Income Statement'!G22/'Income Statement'!G4 -> 0.061 | D13: ='Income Statement'!H22/'Income Statement'!H4 -> 0.061 | E13: ='Income Statement'!I22/'Income Statement'!I4 -> 0.061 | F13: ='Income Statement'!J22/'Income Statement'!J4 -> 0.061
A14: Current ratio | B14: ='Balance Sheet'!F12/'Balance Sheet'!F24 -> 4.2943537 | C14: ='Balance Sheet'!G12/'Balance Sheet'!G24 -> 5.3646423 | D14: ='Balance Sheet'!H12/'Balance Sheet'!H24 -> 6.6509706 | E14: ='Balance Sheet'!I12/'Balance Sheet'!I24 -> 8.124409 | F14: ='Balance Sheet'!J12/'Balance Sheet'!J24 -> 9.7466866
A15: Quick ratio | B15: =('Balance Sheet'!F8+'Balance Sheet'!F10)/'Balance Sheet'!F24 -> 3.2053147 | C15: =('Balance Sheet'!G8+'Balance Sheet'!G10)/'Balance Sheet'!G24 -> 4.3156147 | D15: =('Balance Sheet'!H8+'Balance Sheet'!H10)/'Balance Sheet'!H24 -> 5.6437472 | E15: =('Balance Sheet'!I8+'Balance Sheet'!I10)/'Balance Sheet'!I24 -> 7.1601988 | F15: =('Balance Sheet'!J8+'Balance Sheet'!J10)/'Balance Sheet'!J24 -> 8.826046
A16: DSO | B16: =('Balance Sheet'!F10/'Income Statement'!F4)*365 -> 5 | C16: =('Balance Sheet'!G10/'Income Statement'!G4)*365 -> 5 | D16: =('Balance Sheet'!H10/'Income Statement'!H4)*365 -> 5 | E16: =('Balance Sheet'!I10/'Income Statement'!I4)*365 -> 5 | F16: =('Balance Sheet'!J10/'Income Statement'!J4)*365 -> 5
A17: DIO | B17: =('Balance Sheet'!F9/'Income Statement'!F7)*365 -> 15 | C17: =('Balance Sheet'!G9/'Income Statement'!G7)*365 -> 15 | D17: =('Balance Sheet'!H9/'Income Statement'!H7)*365 -> 15 | E17: =('Balance Sheet'!I9/'Income Statement'!I7)*365 -> 15 | F17: =('Balance Sheet'!J9/'Income Statement'!J7)*365 -> 15
A18: DPO | B18: =('Balance Sheet'!F22/'Income Statement'!F7)*365 -> 30 | C18: =('Balance Sheet'!G22/'Income Statement'!G7)*365 -> 30 | D18: =('Balance Sheet'!H22/'Income Statement'!H7)*365 -> 30 | E18: =('Balance Sheet'!I22/'Income Statement'!I7)*365 -> 30 | F18: =('Balance Sheet'!J22/'Income Statement'!J7)*365 -> 30
A19: CCC (days) | B19: =B16+B17-B18 -> -10 | C19: =C16+C17-C18 -> -10 | D19: =D16+D17-D18 -> -10 | E19: =E16+E17-E18 -> -10 | F19: =F16+F17-F18 -> -10
A20: ROA (return on assets) | B20: ='Income Statement'!F35/'Balance Sheet'!F17 -> 0.083653008 | C20: ='Income Statement'!G35/'Balance Sheet'!G17 -> 0.10504616 | D20: ='Income Statement'!H35/'Balance Sheet'!H17 -> 0.12379062 | E20: ='Income Statement'!I35/'Balance Sheet'!I17 -> 0.13943108 | F20: ='Income Statement'!J35/'Balance Sheet'!J17 -> 0.15197253
A21: ROE (return on equity) | B21: ='Income Statement'!F35/'Balance Sheet'!F33 -> 0.33890387 | C21: ='Income Statement'!G35/'Balance Sheet'!G33 -> 0.32362704 | D21: ='Income Statement'!H35/'Balance Sheet'!H33 -> 0.30467079 | E21: ='Income Statement'!I35/'Balance Sheet'!I33 -> 0.28652497 | F21: ='Income Statement'!J35/'Balance Sheet'!J33 -> 0.27059833

Sheet Scenario
A1: Scenario
A2: Scenario | D2: 2024F | E2: 2025F | F2: 2026F | G2: 2027F | H2: 2028F
A3: Base | D3: 0.12 | E3: 0.12 | F3: 0.13 | G3: 0.14 | H3: 0.15
A4: Optimistic | D4: 0.14 | E4: 0.14 | F4: 0.15 | G4: 0.16 | H4: 0.16
A5: Conservative | D5: 0.1 | E5: 0.1 | F5: 0.11 | G5: 0.12 | H5: 0.12

Sheet Assumptions
A1: Assumptions
A2: Income Statement
A3: Year | B3: 2024 | C3: 2025 | D3: 2026 | E3: 2027 | F3: 2028
A4: Revenue growth rate | B4: =VLOOKUP(Dashboard!$I$4,Scenario!$A$3:$H$5,4,FALSE) -> 0.12 | C4: =VLOOKUP(Dashboard!$I$4,Scenario!$A$3:$H$5,5,FALSE) -> 0.12 | D4: =VLOOKUP(Dashboard!$I$4,Scenario!$A$3:$H$5,6,FALSE) -> 0.13 | E4: =VLOOKUP(Dashboard!$I$4,Scenario!$A$3:$H$5,7,FALSE) -> 0.14 | F4: =VLOOKUP(Dashboard!$I$4,Scenario!$A$3:$H$5,8,FALSE) -> 0.15
A5: Cost of Goods Sold | B5: 0.4 | C5: 0.4 | D5: ='Sensitivity Analysis'!$B$3 -> 0.4 | E5: 0.4 | F5: 0.4
A6: Escalation % | B6: 0.0429 | C6: 0.0429 | D6: 0.0429 | E6: 0.0429 | F6: 0.0429
A7: Labor costs | B7: 0.278 | C7: 0.278 | D7: ='Sensitivity Analysis'!$C$16 -> 0.278 | E7: 0.278 | F7: 0.278
A8: Marketing % of Revenue | B8: 0.03 | C8: 0.03 | D8: 0.03 | E8: 0.03 | F8: 0.03
A9: Other Operating Expenses | B9: 0.061 | C9: 0.061 | D9: 0.061 | E9: 0.061 | F9: 0.061
A10: Income Tax Expense | B10: 0.3 | C10: 0.3 | D10: 0.3 | E10: 0.3 | F10: 0.3
A13: Balancesheet
A15: DSO(Days) | B15: 5 | C15: 5 | D15: 5 | E15: 5 | F15: 5
A16: Days of Inventory | B16: 15 | C16: 15 | D16: 15 | E16: 15 | F16: 15
A17: Days Payable Outstanding (DPO) | B17: 30 | C17: 30 | D17: 30 | E17: 30 | F17: 30
A18: Initial investment | B18: 250000 | C18: 0 | D18: 0 | E18: 0 | F18: 0

Sheet Schedules
A1: Working Capital Schedule
A2: Year | E2: 2023A | F2: 2024F | G2: 2025F | H2: 2026F | I2: 2027F | J2: 2028F
A3: Revenue | E3: ='Income Statement'!E4 -> 2100000 | F3: ='Income Statement'!F4 -> 2352000 | G3: ='Income Statement'!G4 -> 2634240 | H3: ='Income Statement'!H4 -> 2976691.2 | I3: ='Income Statement'!I4 -> 3393428 | J3: ='Income Statement'!J4 -> 3902442.2
A4: COGS | E4: ='Income Statement'!E7 -> 840000 | F4: ='Income Statement'!F7 -> 940800 | G4: ='Income Statement'!G7 -> 1053696 | H4: ='Income Statement'!H7 -> 1190676.5 | I4: ='Income Statement'!I7 -> 1357371.2 | J4: ='Income Statement'!J7 -> 1560976.9
A5: DSO(Days) | E5: 5 | F5: 5 | G5: 5 | H5: 5 | I5: 5 | J5: 5
A6: Days of Inventory | E6: 15 | F6: 15 | G6: 15 | H6: 15 | I6: 15 | J6: 15
A7: Days Payable Outstanding (DPO) | E7: 30 | F7: 30 | G7: 30 | H7: 30 | I7: 30 | J7: 30
A8: Accounts Receivable | E8: =E3*(E5/365) -> 28767.123 | F8: =F3*(F5/365) -> 32219.178 | G8: =G3*(G5/365) -> 36085.479 | H8: =H3*(H5/365) -> 40776.592 | I8: =I3*(I5/365) -> 46485.315 | J8: =J3*(J5/365) -> 53458.112
A9: Inventory | E9: =E4*(E6/365) -> 34520.548 | F9: =F4*(F6/365) -> 38663.014 | G9: =G4*(G6/365) -> 43302.575 | H9: =H4*(H6/365) -> 48931.91 | I9: =I4*(I6/365) -> 55782.378 | J9: =J4*(J6/365) -> 64149.734
A10: Accounts Payable | E10: =E4*(E7/365) -> 69041.096 | F10: =F4*(F7/365) -> 77326.027 | G10: =G4*(G7/365) -> 86605.151 | H10: =H4*(H7/365) -> 97863.82 | I10: =I4*(I7/365) -> 111564.76 | J10: =J4*(J7/365) -> 128299.47
A11: Changes in Accounts Receivables | E11: 0 | F11: =F8-E8 -> 3452.0548 | G11: =G8-F8 -> 3866.3014 | H11: =H8-G8 -> 4691.1123 | I11: =I8-H8 -> 5708.7228 | J11: =J8-I8 -> 6972.7972
A12: Changes in Inventory | E12: 0 | F12: =F9-E9 -> 4142.4658 | G12: =G9-F9 -> 4639.5616 | H12: =H9-G9 -> 5629.3348 | I12: =I9-H9 -> 6850.4674 | J12: =J9-I9 -> 8367.3566
A13: Changes in Trade Payables | E13: 0 | F13: =F10-E10 -> 8284.9315 | G13: =G10-F10 -> 9279.1233 | H13: =H10-G10 -> 11258.67 | I13: =I10-H10 -> 13700.935 | J13: =J10-I10 -> 16734.713
A18: PPE Schedule
A20: Opening Net PPE | F20: 700000 | G20: 950000 | H20: 950000 | I20: 950000 | J20: 950000
A21: CAPEX | F21: 250000 | G21: 0 | H21: 0 | I21: 0 | J21: 0
A22: Total PPE | F22: =SUM(F20:F21) -> 950000 | G22: =SUM(G20:G21) -> 950000 | H22: =SUM(H20:H21) -> 950000 | I22: =SUM(I20:I21) -> 950000 | J22: =SUM(J20:J21) -> 950000
A23: Depreciation | F23: 0 | G23: 0 | H23: 0 | I23: 0 | J23: 0
A24: Closing Net PPE | E24: =E20+E21-E23 -> 0 | F24: =F20+F21-F23 -> 950000 | G24: =G20+G21-G23 -> 950000 | H24: =H20+H21-H23 -> 950000 | I24: =I20+I21-I23 -> 950000 | J24: =J20+J21-J23 -> 950000

Sheet Income Statement
A1: Income Statement
A2: Particular | C2: 2021 | D2: 2022 | E2: 2023 | F2: 2024 | G2: 2025 | H2: 2026 | I2: 2027 | J2: 2028
A4: Revenue | C4: 1500000 | D4: 1800000 | E4: 2100000 | F4: =E4*(1+Assumptions!B4) -> 2352000 | G4: =F4*(1+Assumptions!C4) -> 2634240 | H4: =IF('Sensitivity Analysis'!$C$15=0, G4*(1+Assumptions!D4), 'Sensitivity Analysis'!$C$15) -> 2976691.2 | I4: =H4*(1+Assumptions!E4) -> 3393428 | J4: =I4*(1+Assumptions!F4) -> 3902442.2
A5: % of Growth | D5: =(D4/C4)-1 -> 0.2 | E5: =(E4/D4)-1 -> 0.16666667 | F5: =(F4/E4)-1 -> 0.12 | G5: =(G4/F4)-1 -> 0.12 | H5: =(H4/G4)-1 -> 0.13 | I5: =(I4/H4)-1 -> 0.14 | J5: =(J4/I4)-1 -> 0.15
A7: COGS | C7: 600000 | D7: 720000 | E7: 840000 | F7: =F4*Assumptions!B5 -> 940800 | G7: =G4*Assumptions!C5 -> 1053696 | H7: =H4*Assumptions!D5 -> 1190676.5 | I7: =I4*Assumptions!E5 -> 1357371.2 | J7: =J4*Assumptions!F5 -> 1560976.9
A8: % of Revenue | C8: 0.4 | D8: 0.4 | E8: 0.4 | F8: 0.4 | G8: 0.4 | H8: 0.4 | I8: 0.4 | J8: 0.4
A10: Gross Profit | C10: =C4-C7 -> 900000 | D10: =D4-D7 -> 1080000 | E10: =E4-E7 -> 1260000 | F10: =F4-F7 -> 1411200 | G10: =G4-G7 -> 1580544 | H10: =H4-H7 -> 1786014.7 | I10: =I4-I7 -> 2036056.8 | J10: =J4-J7 -> 2341465.3
A11: Gross Margin % | C11: =C10/C4 -> 0.6 | D11: =D10/D4 -> 0.6 | E11: =E10/E4 -> 0.6 | F11: =F10/F4 -> 0.6 | G11: =G10/G4 -> 0.6 | H11: =H10/H4 -> 0.6 | I11: =I10/I4 -> 0.6 | J11: =J10/J4 -> 0.6
A13: Rent & Utilities | C13: 250000 | D13: 270000 | E13: 290000 | F13: 350000 | G13: 350000 | H13: 350000 | I13: 350000 | J13: 350000
A14: % of Revenue | C14: =C13/C4 -> 0.16666667 | D14: =D13/D4 -> 0.15 | E14: =E13/E4 -> 0.13809524 | F14: =F13/F4 -> 0.14880952 | G14: =G13/G4 -> 0.13286565 | H14: =H13/H4 -> 0.11758022 | I14: =I13/I4 -> 0.10314054 | J14: =J13/J4 -> 0.089687428
A16: Labor costs | C16: 450000 | D16: 500000 | E16: 550000 | F16: =F4*Assumptions!B7 -> 653856 | G16: =G4*Assumptions!C7 -> 732318.72 | H16: =H4*Assumptions!D7 -> 827520.15 | I16: =I4*Assumptions!E7 -> 943372.98 | J16: =J4*Assumptions!F7 -> 1084878.9
A17: % of Revenue | C17: =C16/C$4 -> 0.3 | D17: =D16/D$4 -> 0.27777778 | E17: =E16/E$4 -> 0.26190476 | F17: =F16/F$4 -> 0.278 | G17: =G16/G$4 -> 0.278 | H17: =H16/H$4 -> 0.278 | I17: =I16/I$4 -> 0.278 | J17: =J16/J$4 -> 0.278
A19: Marketing & Advertising | C19: 50000 | D19: 60000 | E19: 70000 | F19: 85000 | G19: 85000 | H19: 85000 | I19: 85000 | J19: 85000
A20: % of Revenue | C20: =C19/C4 -> 0.033333333 | D20: =D19/D4 -> 0.033333333 | E20: =E19/E4 -> 0.033333333 | F20: =F19/F4 -> 0.036139456 | G20: =G19/G4 -> 0.032267371 | H20: =H19/H4 -> 0.028555196 | I20: =I19/I4 -> 0.025048417 | J20: =J19/J4 -> 0.021781232
A22: Other Operating Expenses | C22: 100000 | D22: 110000 | E22: 120000 | F22: =F4*Assumptions!B9 -> 143472 | G22: =G4*Assumptions!C9 -> 160688.64 | H22: =H4*Assumptions!D9 -> 181578.16 | I22: =I4*Assumptions!E9 -> 206999.11 | J22: =J4*Assumptions!F9 -> 238048.97
A23: % of Revenue | C23: =C22/C$4 -> 0.066666667 | D23: =D22/D$4 -> 0.061111111 | E23: =E22/E$4 -> 0.057142857 | F23: =F22/F$4 -> 0.061 | G23: =G22/G$4 -> 0.061 | H23: =H22/H$4 -> 0.061 | I23: =I22/I$4 -> 0.061 | J23: =J22/J$4 -> 0.061
A25: Operating Income (EBIT) | C25: =C10-C13-C16-C19-C22 -> 50000 | D25: =D10-D13-D16-D19-D22 -> 140000 | E25: =E10-E13-E16-E19-E22 -> 230000 | F25: =F10-F13-F16-F19-F22 -> 178872 | G25: =G10-G13-G16-G19-G22 -> 252536.64 | H25: =H10-H13-H16-H19-H22 -> 341916.4 | I25: =I10-I13-I16-I19-I22 -> 450684.7 | J25: =J10-J13-J16-J19-J22 -> 583537.4
A26: % of revenue | C26: =C25/C4 -> 0.033333333 | D26: =D25/D4 -> 0.077777778 | E26: =E25/E4 -> 0.10952381 | F26: =F25/F4 -> 0.07605102 | G26: =G25/G4 -> 0.095866983 | H26: =H25/H4 -> 0.11486459 | I26: =I25/I4 -> 0.13281104 | J26: =J25/J4 -> 0.14953134
A28: Interest income | C28: 0 | D28: 0 | E28: 0 | F28: 0 | G28: 0 | H28: 0 | I28: 0 | J28: 0
A30: Income Tax Expense | C30: =MAX(0,C32)*Assumptions!$B$10 -> 15000 | D30: =MAX(0,D32)*Assumptions!$B$10 -> 42000 | E30: =MAX(0,E32)*Assumptions!$B$10 -> 69000 | F30: =MAX(0,F32)*Assumptions!$B$10 -> 53661.6 | G30: =MAX(0,G32)*Assumptions!$B$10 -> 75760.992 | H30: =MAX(0,H32)*Assumptions!$B$10 -> 102574.92 | I30: =MAX(0,I32)*Assumptions!$B$10 -> 135205.41 | J30: =MAX(0,J32)*Assumptions!$B$10 -> 175061.22
A32: Earning Before Tax | C32: =C25+C28 -> 50000 | D32: =D25+D28 -> 140000 | E32: =E25+E28 -> 230000 | F32: =F25+F28 -> 178872 | G32: =G25+G28 -> 252536.64 | H32: =H25+H28 -> 341916.4 | I32: =I25+I28 -> 450684.7 | J32: =J25+J28 -> 583537.4
A33: % of EBT | C33: =C30/C32 -> 0.3 | D33: =D30/D32 -> 0.3 | E33: =E30/E32 -> 0.3 | F33: =F30/F32 -> 0.3 | G33: =G30/G32 -> 0.3 | H33: =H30/H32 -> 0.3 | I33: =I30/I32 -> 0.3 | J33: =J30/J32 -> 0.3
A35: Net Income | C35: =C32-C30 -> 35000 | D35: =D32-D30 -> 98000 | E35: =E32-E30 -> 161000 | F35: =F32-F30 -> 125210.4 | G35: =G32-G30 -> 176775.65 | H35: =H32-H30 -> 239341.48 | I35: =I32-I30 -> 315479.29 | J35: =J32-J30 -> 408476.18

Sheet Sensitivity Analysis
A2: Revenue Growth (2026) | B2: =Assumptions!D4 -> 0.13
A3: COGS % | B3: 0.4
C5: COGS
C6: Revenue | D6: ='Income Statement'!H35 -> 239341.48 | E6: 0.35 | F6: 0.375 | G6: 0.4 | H6: 0.425 | I6: 0.45
D7: 0.08 | E7: 343525.67 | F7: 291433.58 | G7: 239341.48 | H7: 187249.39 | I7: 135157.29
D8: 0.105 | E8: 343525.67 | F8: 291433.58 | G8: 239341.48 | H8: 187249.39 | I8: 135157.29
D9: 0.13 | E9: 343525.67 | F9: 291433.58 | G9: 239341.48 | H9: 187249.39 | I9: 135157.29
D10: 0.14 | E10: 343525.67 | F10: 291433.58 | G10: 239341.48 | H10: 187249.39 | I10: 135157.29
D11: 0.155 | E11: 343525.67 | F11: 291433.58 | G11: 239341.48 | H11: 187249.39 | I11: 135157.29
D12: 0.18 | E12: 343525.67 | F12: 291433.58 | G12: 239341.48 | H12: 187249.39 | I12: 135157.29
A15: Revenue Growth (2026) | B15: =Assumptions!D4 -> 0.13
A16: Labour | C16: 0.278
C18: COGS
C19: Revenue | D19: ='Income Statement'!H25 -> 341916.4 | E19: 0.26 | F19: 0.27 | G19: 0.28 | H19: 0.29 | I19: 0.3
D20: 2842350 | E20: 358015.65 | F20: 329592.15 | G20: 301168.65 | H20: 272745.15 | I20: 244321.65
D21: 2915231 | E21: 378349.45 | F21: 349197.14 | G21: 320044.83 | H21: 290892.52 | I21: 261740.21
D22: 2989980 | E22: 399204.42 | F22: 369304.62 | G22: 339404.82 | H22: 309505.02 | I22: 279605.22
D23: 3064730 | E23: 420059.67 | F23: 389412.37 | G23: 358765.07 | H23: 328117.77 | I23: 297470.47
D24: 3141348 | E24: 441436.09 | F24: 410022.61 | G24: 378609.13 | H24: 347195.65 | I24: 315782.17
A28: Marketing & Advertising Vs Revenue Growth ( Net income)
A29: Revenue Growth (2026) | B29: =Assumptions!D4 -> 0.13
A30: Marketing & Advertising | C30: =Assumptions!D8 -> 0.03
C31: COGS
C32: Revenue | D32: ='Income Statement'!H35 -> 239341.48 | E32: 85000 | F32: 87500 | G32: 90000 | H32: 92500 | I32: 95000
D33: 2842350 | E33: 214797.34 | F33: 214797.34 | G33: 214797.34 | H33: 214797.34 | I33: 214797.34
D34: 2915231 | E34: 228112.7 | F34: 228112.7 | G34: 228112.7 | H34: 228112.7 | I34: 228112.7
D35: 2989980 | E35: 241769.35 | F35: 241769.35 | G35: 241769.35 | H35: 241769.35 | I35: 241769.35
D36: 3064730 | E36: 255426.17 | F36: 255426.17 | G36: 255426.17 | H36: 255426.17 | I36: 255426.17
D37: 3141348 | E37: 269424.28 | F37: 269424.28 | G37: 269424.28 | H37: 269424.28 | I37: 269424.28

Sheet Balance Sheet
A1: Balance Sheet
A4: Particulars | E4: 2023A | F4: 2024F | G4: 2025F | H4: 2026F | I4: 2027F | J4: 2028F
A6: Asset
A7: Current Assets
A8: Cash | E8: 500000 | F8: ='Cash Flow'!F24 -> 375900.81 | G8: ='Cash Flow'!G24 -> 553449.72 | H8: ='Cash Flow'!H24 -> 793729.42 | I8: ='Cash Flow'!I24 -> 1110350.5 | J8: ='Cash Flow'!J24 -> 1520221.2
A9: Inventory | E9: =Schedules!E9 -> 34520.548 | F9: =Schedules!F9 -> 38663.014 | G9: =Schedules!G9 -> 43302.575 | H9: =Schedules!H9 -> 48931.91 | I9: =Schedules!I9 -> 55782.378 | J9: =Schedules!J9 -> 64149.734
A10: Accounts Receivable | E10: =Schedules!E8 -> 28767.123 | F10: =Schedules!F8 -> 32219.178 | G10: =Schedules!G8 -> 36085.479 | H10: =Schedules!H8 -> 40776.592 | I10: =Schedules!I8 -> 46485.315 | J10: =Schedules!J8 -> 53458.112
A11: Other Current Assets | E11: 100000 | F11: 100000 | G11: 100000 | H11: 100000 | I11: 100000 | J11: 100000
A12: Total Current Assets | E12: =SUM(E8:E11) -> 663287.67 | F12: =SUM(F8:F11) -> 546783 | G12: =SUM(G8:G11) -> 732837.77 | H12: =SUM(H8:H11) -> 983437.93 | I12: =SUM(I8:I11) -> 1312618.2 | J12: =SUM(J8:J11) -> 1737829
A14: Non-current Assets
A15: Fixed Assets | E15: 700000 | F15: =Schedules!F24 -> 950000 | G15: =Schedules!G24 -> 950000 | H15: =Schedules!H24 -> 950000 | I15: =Schedules!I24 -> 950000 | J15: =Schedules!J24 -> 950000
A16: Total Non-current Assets | E16: =E15 -> 700000 | F16: =F15 -> 950000 | G16: =G15 -> 950000 | H16: =H15 -> 950000 | I16: =I15 -> 950000 | J16: =J15 -> 950000
A17: Total Assets | E17: =E12+E16 -> 1363287.7 | F17: =F12+F16 -> 1496783 | G17: =G12+G16 -> 1682837.8 | H17: =H12+H16 -> 1933437.9 | I17: =I12+I16 -> 2262618.2 | J17: =J12+J16 -> 2687829
A19: Liabilities and Equity
A20: Liabilities
A21: Current Liabilities
A22: Trade Payables | E22: =Schedules!E10 -> 69041.096 | F22: =Schedules!F10 -> 77326.027 | G22: =Schedules!G10 -> 86605.151 | H22: =Schedules!H10 -> 97863.82 | I22: =Schedules!I10 -> 111564.76 | J22: =Schedules!J10 -> 128299.47
A23: Credit card & short term debt | E23: 50000 | F23: 50000 | G23: 50000 | H23: 50000 | I23: 50000 | J23: 50000
A24: Total Current Liabilities | E24: =SUM(E22:E23) -> 119041.1 | F24: =SUM(F22:F23) -> 127326.03 | G24: =SUM(G22:G23) -> 136605.15 | H24: =SUM(H22:H23) -> 147863.82 | I24: =SUM(I22:I23) -> 161564.76 | J24: =SUM(J22:J23) -> 178299.47
A26: Non-current Liabilities
A27: Loans | E27: 1000000 | F27: 1000000 | G27: 1000000 | H27: 1000000 | I27: 1000000 | J27: 1000000
A28: Total Non-current Liabilities | E28: =E27 -> 1000000 | F28: =F27 -> 1000000 | G28: =G27 -> 1000000 | H28: =H27 -> 1000000 | I28: =I27 -> 1000000 | J28: =J27 -> 1000000
A30: Equity
A31: Share Capital | E31: 300000 | F31: 300000 | G31: 300000 | H31: 300000 | I31: 300000 | J31: 300000
A32: Retained Earnings | E32: =E17 - E24 - E28 - E31 -> -55753.425 | F32: =F17 - F24 - F28 - F31 -> 69456.975 | G32: =G17 - G24 - G28 - G31 -> 246232.62 | H32: =H17 - H24 - H28 - H31 -> 485574.11 | I32: =I17 - I24 - I28 - I31 -> 801053.4 | J32: =J17 - J24 - J28 - J31 -> 1209529.6
A33: Total Equity | E33: =E31+E32 -> 244246.58 | F33: =F31+F32 -> 369456.98 | G33: =G31+G32 -> 546232.62 | H33: =H31+H32 -> 785574.11 | I33: =I31+I32 -> 1101053.4 | J33: =J31+J32 -> 1509529.6
A34: Total Liabilities and Equity | E34: =E24+E28+E33 -> 1363287.7 | F34: =F24+F28+F33 -> 1496783 | G34: =G24+G28+G33 -> 1682837.8 | H34: =H24+H28+H33 -> 1933437.9 | I34: =I24+I28+I33 -> 2262618.2 | J34: =J24+J28+J33 -> 2687829
A36: Check | E36: =E17-E34 -> 0 | F36: =F17-F34 -> 0 | G36: =G17-G34 -> 0 | H36: =H17-H34 -> 0 | I36: =I17-I34 -> 0 | J36: =J17-J34 -> 0

Sheet Cash Flow
A1: CashFlow
A3: Particulars | E3: 2023A | F3: 2024F | G3: 2025F | H3: 2026F | I3: 2027F | J3: 2028F
A5: Operating Activities
A6: Net Income | E6: ='Income Statement'!E35 -> 161000 | F6: ='Income Statement'!F35 -> 125210.4 | G6: ='Income Statement'!G35 -> 176775.65 | H6: ='Income Statement'!H35 -> 239341.48 | I6: ='Income Statement'!I35 -> 315479.29 | J6: ='Income Statement'!J35 -> 408476.18
A7: Changes in Accounts Receivables | E7: 0 | F7: =-Schedules!F11 -> -3452.0548 | G7: =-Schedules!G11 -> -3866.3014 | H7: =-Schedules!H11 -> -4691.1123 | I7: =-Schedules!I11 -> -5708.7228 | J7: =-Schedules!J11 -> -6972.7972
A8: Changes in Inventory | E8: 0 | F8: =-Schedules!F12 -> -4142.4658 | G8: =-Schedules!G12 -> -4639.5616 | H8: =-Schedules!H12 -> -5629.3348 | I8: =-Schedules!I12 -> -6850.4674 | J8: =-Schedules!J12 -> -8367.3566
A9: Changes in Trade Payables | E9: 0 | F9: =Schedules!F13 -> 8284.9315 | G9: =Schedules!G13 -> 9279.1233 | H9: =Schedules!H13 -> 11258.67 | I9: =Schedules!I13 -> 13700.935 | J9: =Schedules!J13 -> 16734.713
A10: Net cash provided by operations | E10: =SUM(E6:E9) -> 161000 | F10: =SUM(F6:F9) -> 125900.81 | G10: =SUM(G6:G9) -> 177548.91 | H10: =SUM(H6:H9) -> 240279.7 | I10: =SUM(I6:I9) -> 316621.03 | J10: =SUM(J6:J9) -> 409870.74
A12: Investing Activities
A13: Capital Expenditure | E13: 0 | F13: =-Schedules!F21 -> -250000 | G13: =-Schedules!G21 -> 0 | H13: =-Schedules!H21 -> 0 | I13: =-Schedules!I21 -> 0 | J13: =-Schedules!J21 -> 0
A14: Proceeds from sale of Asset | E14: 0 | F14: 0 | G14: 0 | H14: 0 | I14: 0 | J14: 0
A15: Net cash used in investing activities | E15: =SUM(E13:E14) -> 0 | F15: =SUM(F13:F14) -> -250000 | G15: =SUM(G13:G14) -> 0 | H15: =SUM(H13:H14) -> 0 | I15: =SUM(I13:I14) -> 0 | J15: =SUM(J13:J14) -> 0
A17: Financing Activities
A18: Proceeds from short-term debt | E18: 0 | F18: 0 | G18: 0 | H18: 0 | I18: 0 | J18: 0
A19: Dividends paid | E19: 0 | F19: 0 | G19: 0 | H19: 0 | I19: 0 | J19: 0
A20: Net cash used in financing activities | E20: =SUM(E18:E19) -> 0 | F20: =SUM(F18:F19) -> 0 | G20: =SUM(G18:G19) -> 0 | H20: =SUM(H18:H19) -> 0 | I20: =SUM(I18:I19) -> 0 | J20: =SUM(J18:J19) -> 0
A22: Cash Balance at the beginning of the year | E22: ='Balance Sheet'!E8 -> 500000 | F22: =E24 -> 500000 | G22: =F24 -> 375900.81 | H22: =G24 -> 553449.72 | I22: =H24 -> 793729.42 | J22: =I24 -> 1110350.5
A23: Change in cash during the year | E23: =E10+E15+E20 -> 161000 | F23: =F10+F15+F20 -> -124099.19 | G23: =G10+G15+G20 -> 177548.91 | H23: =H10+H15+H20 -> 240279.7 | I23: =I10+I15+I20 -> 316621.03 | J23: =J10+J15+J20 -> 409870.74
A24: Cash Balance at the end of the year | E24: 500000 | F24: =F22+F23 -> 375900.81 | G24: =G22+G23 -> 553449.72 | H24: =H22+H23 -> 793729.42 | I24: =I22+I23 -> 1110350.5 | J24: =J22+J23 -> 1520221.2

Sheet Break Even Analysis
A1: Break Even Analysis-Project Drink
A3: Year | B3: 2023A | C3: 2024F | D3: 2025F | E3: 2026F | F3: 2027F | G3: 2028F
A4: Total Revenue | B4: ='Income Statement'!E4 -> 2100000 | C4: ='Income Statement'!F4 -> 2352000 | D4: ='Income Statement'!G4 -> 2634240 | E4: ='Income Statement'!H4 -> 2976691.2 | F4: ='Income Statement'!I4 -> 3393428 | G4: ='Income Statement'!J4 -> 3902442.2
A5: COGS (Variable cost) | B5: ='Income Statement'!E7 -> 840000 | C5: ='Income Statement'!F7 -> 940800 | D5: ='Income Statement'!G7 -> 1053696 | E5: ='Income Statement'!H7 -> 1190676.5 | F5: ='Income Statement'!I7 -> 1357371.2 | G5: ='Income Statement'!J7 -> 1560976.9
A6: Labor Cost (Variable cost) | B6: ='Income Statement'!E16 -> 550000 | C6: ='Income Statement'!F16 -> 653856 | D6: ='Income Statement'!G16 -> 732318.72 | E6: ='Income Statement'!H16 -> 827520.15 | F6: ='Income Statement'!I16 -> 943372.98 | G6: ='Income Statement'!J16 -> 1084878.9
A7: Other Operating expenses (V.c) | B7: ='Income Statement'!E22 -> 120000 | C7: ='Income Statement'!F22 -> 143472 | D7: ='Income Statement'!G22 -> 160688.64 | E7: ='Income Statement'!H22 -> 181578.16 | F7: ='Income Statement'!I22 -> 206999.11 | G7: ='Income Statement'!J22 -> 238048.97
A8: Rent & utilities (Fixed cost) | B8: ='Income Statement'!E13 -> 290000 | C8: ='Income Statement'!F13 -> 350000 | D8: ='Income Statement'!G13 -> 350000 | E8: ='Income Statement'!H13 -> 350000 | F8: ='Income Statement'!I13 -> 350000 | G8: ='Income Statement'!J13 -> 350000
A9: Marketing & Advertising (Fixed cost) | B9: ='Income Statement'!E19 -> 70000 | C9: ='Income Statement'!F19 -> 85000 | D9: ='Income Statement'!G19 -> 85000 | E9: ='Income Statement'!H19 -> 85000 | F9: ='Income Statement'!I19 -> 85000 | G9: ='Income Statement'!J19 -> 85000
A10: Variable cost ratio | B10: =(B5+B6+B7)/B4 -> 0.71904762 | C10: =(C5+C6+C7)/C4 -> 0.739 | D10: =(D5+D6+D7)/D4 -> 0.739 | E10: =(E5+E6+E7)/E4 -> 0.739 | F10: =(F5+F6+F7)/F4 -> 0.739 | G10: =(G5+G6+G7)/G4 -> 0.739
A11: Breakeven Revenue | B11: =(B8+B9)/(1-B10) -> 1281355.9 | C11: =(C8+C9)/(1-C10) -> 1666666.7 | D11: =(D8+D9)/(1-D10) -> 1666666.7 | E11: =(E8+E9)/(1-E10) -> 1666666.7 | F11: =(F8+F9)/(1-F10) -> 1666666.7 | G11: =(G8+G9)/(1-G10) -> 1666666.7
